 Dungeon Crawl Stone Soup version 0.21.0-3-g78d12a8bdd (webtiles) character file.

2779 Shneid the Cleaver (level 9, -11/75 HPs)
             Began as a Minotaur Fighter on Jan 13, 2018.
             Was a Priest of Wu Jian.
             Mangled by an orc warrior
             ... wielding a +0 halberd
              (18 damage)
             ... in a bailey.
             The game lasted 00:13:18 (7009 turns).

Shneid the Cleaver (Minotaur Fighter)               Turns: 7009, Time: 00:13:19

Health: -11/75     AC: 19    Str: 29    XL:     9   Next: 42%
Magic:  0/8        EV:  8    Int:  5    God:    Wu Jian [***...]
Gold:   262        SH:  0    Dex: 10    Spells: 8/8 levels left

rFire    . . .     SeeInvis .   I - +11 plutonium sword {*Contam Stlth-}
rCold    . . .     Gourm    .   (shield currently unavailable)
rNeg     . . .     Faith    .   M - +0 plate armour
rPois    +         Spirit   +   (helmet restricted)
rElec    .         Reflect  .   t - +2 cloak
rCorr    .         Harm     .   (no gloves)
MR       .....                  (no boots)
Stlth    ..........             q - amulet of guardian spirit
HPRegen  0.22/turn              o - +4 ring of protection
MPRegen  0.11/turn              r - ring of poison resistance

@: mighty
A: retaliatory headbutt, horns 2
a: Wall Jump, Serpent's Lash, Renounce Religion


You were in a bailey.
You worshipped Wu Jian.
Wu Jian was most pleased with you.
You were not hungry.

You visited 2 branches of the dungeon, and saw 8 of its levels.
You also visited: Bailey.

You collected 262 gold pieces.

Inventory:

Hand Weapons
 a - a +0 war axe
 C - the +7 dagger "Azxix" {pierce, rF- rC+ SInv}
   (You found it on level 5 of the Dungeon)

   It inflicts extra damage upon your enemies.
   It makes you vulnerable to fire.
   It protects you from cold.
   It lets you see invisible.
 I - the +11 plutonium sword (weapon) {*Contam Stlth-}
   (You found it on level 6 of the Dungeon)

   It causes magical contamination when unequipped.
   It makes you less stealthy.
Armour
 b - a +0 scale mail
 c - a +0 shield
 s - a +0 chain mail
 t - a +2 cloak (worn)
 A - a +0 chain mail
 M - a +0 plate armour (worn)
Jewellery
 h - an uncursed amulet of magic regeneration
 o - a +4 ring of protection (left hand)
 q - an amulet of guardian spirit (around neck)
 r - a ring of poison resistance (right hand)
 y - a +2 ring of strength {unknown}
Wands
 v - a wand of flame (27)
Scrolls
 e - 5 scrolls of enchant weapon
 i - a scroll of enchant armour
 k - a scroll of identify
 p - 3 scrolls of remove curse
 w - 2 scrolls of fear
 z - 2 scrolls of immolation
 B - 2 scrolls of teleportation
 E - 3 scrolls of amnesia
Potions
 g - 3 potions of curing
 l - a potion of flight {unknown}
 m - a potion of invisibility {unknown}
 n - a potion of brilliance {unknown}
 u - a potion of resistance
 G - a potion of haste {unknown}
 J - 3 potions of agility {unknown}
 K - a potion of mutation {unknown}
Comestibles
 f - 15 rations


   Skills:
 - Level 5.9 Fighting
 + Level 7.9 Long Blades
 - Level 10.5 Axes
 - Level 5.6 Armour
 - Level 1.5 Dodging
 - Level 6.1 Shields


You had 8 spell levels left.
You didn't know any spells.

Dungeon Overview and Level Annotations

Branches:
Dungeon (7/15)             Temple (1/1) D:4

Altars:
Ashenzari
Fedhas
Makhleb
Nemelex Xobeh
Ru
Sif Muna
Trog
Vehumet
Wu Jian
Xom


Innate Abilities, Weirdness & Mutations

You reflexively headbutt those who attack you in melee.
You have a pair of horns on your head.


Message History

The orc knight hits you with a glaive.
* * * LOW HITPOINT WARNING * * *
The orc warrior hits you but does no damage.
You feel much better.
The orc warrior hits you from afar with a halberd!
* * * LOW HITPOINT WARNING * * *
The orc knight hits you but does no damage.
The orc warrior barely misses you.
You feel very mighty all of a sudden.
The orc warrior hits you from afar with a halberd!
* * * LOW HITPOINT WARNING * * *
The orc warrior hits you from afar with a halberd.
* * * LOW HITPOINT WARNING * * *
Unknown command.
You completely miss the orc knight.
The orc knight is heavily wounded.
The orc knight barely misses you. You furiously retaliate!
You headbutt the orc knight.
The orc warrior hits you from afar with a halberd!!
You die...

≈≈≈≈≈≈≈≈≈≈.)## #######≈≈≈≈≈≈≈.#
≈.)))......## .. #####.)≈.#
≈)#############'#############.≈.#
≈.##.....##.....§§§.##..$$.##.≈.#
≈..##...'#..§≈≈≈≈≈§§.## ##..≈.#
≈≈..##.##..≈§....§§§§§## ##..≈≈.#
.≈≈..#+#..≈§.%o⌠..§≈§..# #..≈≈.∩#
.≈≈..# #..≈§..⌠∩)..§≈..# #..≈≈.##
≈≈..## #..≈§.oo@.≈§..# ##..≈≈.#
≈..## #.)≈§≈≈≈§≈..'# ##..≈.# ≈.##
##..)......##.. ##.≈.#
≈.#########'###)#############.≈.#
≈..........##.....##..).......≈.#
≈≈≈≈≈≈≈≈≈≈..##.∩.##..≈≈≈≈≈≈≈≈≈≈.#
.........≈≈..##.##..≈≈..........#
########..≈≈..###..≈≈..##########
##..≈≈.....≈≈..##


You could see an orc knight and 2 orc warriors.

Vanquished Creatures
  Sigmund (D:2)
  Eustachio (D:6)
  Edmund (D:4)
  A water moccasin (D:5)
  6 orc warriors
  An ice beast (D:5)
  2 ogres
  2 centaurs
  A bullfrog (D:7)
  2 scorpions
  6 killer bees (D:7)
  An orc priest (D:6)
  2 hounds
  A jelly (D:7)
  Crazy Yiuf (D:4)
  2 centaur skeletons
  4 iguanas
  Ijyb (D:4)
  2 orc wizards (D:4)
  2 worker ants
  A hound skeleton (D:4)
  8 gnolls
  9 adders
  2 shadow imps (D:5)
  3 adder zombies
  4 dart slugs
  3 leopard geckos
  27 orcs
  7 bats
  9 giant cockroaches
  23 goblins
  17 hobgoblins
  8 jackals
  14 kobolds
  2 quokkas
  8 frilled lizards
  4 quokka skeletons
  A quokka zombie (D:3)
  3 rats
193 creatures vanquished.

Vanquished Creatures (collateral kills)
  An orc (Bailey)
1 creature vanquished.

Grand Total: 194 creatures vanquished

Notes
Turn   | Place    | Note
-------+----------+-------------------------------------------
     0 | D:1      | Shneid the Minotaur Fighter began the quest for the Orb.
     0 | D:1      | Reached XP level 1. HP: 19/19 MP: 0/0
    11 | D:1      | Reached skill level 3 in Axes
    12 | D:1      | Reached XP level 2. HP: 24/26 MP: 1/1
   236 | D:1      | Reached skill level 4 in Axes
   424 | D:1      | Reached XP level 3. HP: 28/31 MP: 2/2
   652 | D:2      | Reached skill level 5 in Axes
   710 | D:2      | Reached XP level 4. HP: 32/39 MP: 3/3
  1262 | D:2      | Noticed Sigmund
  1268 | D:2      | Reached skill level 6 in Axes
  1278 | D:2      | Killed Sigmund
  1278 | D:2      | Reached skill level 7 in Axes
  1278 | D:2      | Reached XP level 5. HP: 15/45 MP: 4/4
  1278 | D:2      | Reached XP level 6. HP: 17/51 MP: 5/5
  2072 | D:4      | Found a staircase to the Ecumenical Temple.
  2094 | Temple   | Entered the Ecumenical Temple
  2139 | Temple   | Became a worshipper of the Wu Jian Council
  2175 | D:4      | Reached skill level 8 in Axes
  2707 | D:4      | Noticed Edmund
  2712 | D:4      | Killed Edmund
  2712 | D:4      | Reached XP level 7. HP: 60/60 MP: 6/6
  2766 | D:4      | Found a runed door.
  3012 | D:4      | Noticed Ijyb
  3024 | D:4      | Killed Ijyb
  3274 | D:4      | Reached skill level 9 in Axes
  3716 | D:4      | Noticed Crazy Yiuf
  3722 | D:4      | Killed Crazy Yiuf
  3761 | D:5      | Entered Level 5 of the Dungeon
  3770 | D:5      | Reached * piety under Wu Jian
  3969 | D:5      | Reached skill level 5 in Armour
  4072 | D:5      | Got a scorched dagger
  4076 | D:5      | Identified the +7 dagger "Azxix" {pierce, rF- rC+ SInv} (You found it on level 5 of the Dungeon)
  4102 | D:5      | Reached XP level 8. HP: 66/67 MP: 7/7
  4105 | D:5      | Reached skill level 5 in Fighting
  4105 | D:5      | Reached skill level 5 in Shields
  4277 | D:5      | Reached skill level 1 in Dodging
  4414 | D:5      | Reached ** piety under Wu Jian
  4630 | D:6      | Reached skill level 10 in Axes
  4656 | D:6      | Noticed Eustachio
  4687 | D:6      | Killed Eustachio
  4745 | D:6      | Found the +11 plutonium sword {*Contam Stlth-}
  5441 | D:7      | Reached skill level 1 in Long Blades
  5600 | D:7      | Reached XP level 9. HP: 33/75 MP: 3/8
  5684 | D:7      | Found a flagged portal.
  5689 | D:7      | Reached skill level 5 in Long Blades
  5710 | Bailey   | Entered a bailey
  6169 | Bailey   | Reached *** piety under Wu Jian
  6417 | Bailey   | Noticed an orc knight
  7009 | Bailey   | Mangled by an orc warrior

Skill      XL: |  1  2  3  4  5  6  7  8  9 |
---------------+----------------------------+-----
Axes           | 3 4 5 7 8 9 10 | 10.5
Shields        | 4 6 |  6.1
Fighting       | 4 5 |  5.9
Armour         | 4 5 |  5.6
Dodging        | 1 |  1.5
Long Blades    | 4 7 |  7.9

Action                   |  1- 3 |  4- 6 |  7- 9 || total
-------------------------+-------+-------+-------++-------
Melee: War axe           |    77 |   103 |   241 ||   421
       Headbutt          |     8 |    13 |    34 ||    55
       Triple sword      |       |       |    66 ||    66
Invok: Lunge             |       |     2 |    28 ||    30
       Whirlwind         |       |       |    21 ||    21
       Wall Jump         |       |       |    10 ||    10
Evoke: Wand              |       |       |    34 ||    34
  Use: Scroll            |       |       |    12 ||    12
       Potion            |       |       |     6 ||     6
  Eat: Chunk             |       |     5 |    12 ||    17
       Ration            |       |       |     1 ||     1
Armor: Scale mail        |    35 |    24 |       ||    59
       Chain mail        |       |    20 |   131 ||   151
       Plate armour      |       |       |   148 ||   148
Dodge: Dodged            |    22 |    27 |   152 ||   201
Block: Shield            |    38 |    46 |   130 ||   214
       Rpst.: Triple sword |       |       |    13 ||    13
